[Event "42nd Olympiad Baku 2016 Open"]
[Site "Baku"]
[Date "2016.09.06"]
[Round "5.17"]
[White "Rakotomaharo, Fy Antenaina"]
[Black "Baburin, Alexander"]
[Result "1-0"]
[ECO "D35"]
[WhiteElo "2439"]
[BlackElo "2487"]
[Annotator ""]
[PlyCount "83"]
[EventDate "2016.??.??"]
[EventType "team-tourn"]
[EventCountry "AZE"]
[SourceTitle "playchess.com"]
[Source "ChessBase"]
[WhiteTeam "Madagascar"]
[BlackTeam "Ireland"]
[WhiteTeamCountry "MAD"]
[BlackTeamCountry "IRL"]
[TimeControl "40/5400+30:1800+30"]

1. d4 {(00:00)} d5 {(00:00)} 2. c4 {(00:03)} e6 {(
00:00)} 3. Nc3 {(00:12)} Nf6 {(00:00)} 4. cxd5 {(01:21)}
exd5 {(00:00)} 5. Bg5 {(00:04)} c6 {(00:00)} 6. e3 {
(00:05)} Be7 {(00:06)} 7. Qc2 {(00:22)} Nbd7 {(00:
33)} 8. Bd3 {(00:10)} O-O {(00:27)} 9. Nf3 {(00:21)} Re8 {
(00:09)} 10. h3 {(00:18)} Nf8 {(00:08)} 11. Bf4 {(
00:22)} Bd6 {(01:00)} 12. Bxd6 {(00:08)} Qxd6 {(00:06)}
13. O-O-O {(00:16)} Be6 {(06:38)} 14. Kb1 {(02:01)} Rac8 {
(04:01)} 15. Rc1 {(00:35)} a6 {(07:24)} 16. Na4 {(
17:24)} Ne4 {(04:11)} 17. Nc5 {(01:30)} Qe7 {(03:40)} 18.
Nxe4 {(10:49)} dxe4 {(01:33)} 19. Bxe4 {(00:05)} Bxa2+ {
(00:45)} 20. Kxa2 {(00:06)} Qxe4 {(00:06)} 21. Qxe4 {
(00:04)} Rxe4 {(00:06)} 22. Nd2 {(01:47)} Re7 {(04:
47)} 23. Nc4 {(05:53)} Ne6 {(05:02)} 24. Rhd1 {(03:06)}
Rd8 {(05:26)} 25. Rd2 {(13:05)} Nc7 {(04:36)} 26. f3 {
(05:14)} f6 {(09:19)} 27. e4 {(08:27)} Nb5 {(14:16]
} 28. Rcd1 {(00:41)} Red7 {(05:00)} 29. d5 {(00:08)} cxd5
{(00:14)} 30. Nb6 {(14:47)} Rd6 {(00:39)} 31. Rxd5 {
(00:06)} Kf7 {(05:59)} 32. Kb3 {(01:05)} Rxd5 {(04:
34)} 33. exd5 {(00:38)} Re8 {(07:33)} 34. d6 {(06:28)}
Re3+ {(00:18)} 35. Kb4 {(00:08)} Na7 {(01:53)} 36. d7 {
(00:57)} Nc6+ {(00:04)} 37. Kc5 {(00:04)} Rb3 {(01:
04)} 38. Nc8 {(08:25)} Rb5+ {(02:12)} 39. Kd6 {(01:01)}
Rxb2 {(00:12)} 40. Kc7 {(00:00)} Rxg2 {(00:00)} 41. Rd6 {
(04:44)} Rc2 {(06:46)} 42. Rxc6 {(00:16)} 1-0

[Event "42nd Olympiad Baku 2016 Open"]
[Site "Baku"]
[Date "2016.09.06"]
[Round "5.19"]
[White "Ralison, Milanto Harifidy"]
[Black "O`Donnell, Conor"]
[Result "1-0"]
[ECO "B32"]
[WhiteElo "2058"]
[BlackElo "2343"]
[Annotator ""]
[PlyCount "75"]
[EventDate "2016.??.??"]
[EventType "team-tourn"]
[EventCountry "AZE"]
[SourceTitle "playchess.com"]
[Source "ChessBase"]
[WhiteTeam "Madagascar"]
[BlackTeam "Ireland"]
[WhiteTeamCountry "MAD"]
[BlackTeamCountry "IRL"]
[TimeControl "40/5400+30:1800+30"]

1. e4 {(00:00)} c5 {(00:00)} 2. Nf3 {(00:00)} Nc6 {
(00:00)} 3. d4 {(00:06)} cxd4 {(00:00)} 4. Nxd4 {(
00:06)} e5 {(00:00)} 5. Nb5 {(00:21)} d6 {(00:00)} 6. N1c3
{(00:44)} a6 {(00:18)} 7. Na3 {(00:08)} Be7 {(00:
16)} 8. Nc4 {(01:24)} b5 {(00:39)} 9. Ne3 {(00:19)} Nf6 {
(00:07)} 10. Be2 {(07:16)} O-O {(04:26)} 11. O-O {(
01:12)} Nd4 {(00:44)} 12. f3 {(00:36)} Qb6 {(05:43)} 13.
Ncd5 {(03:27)} Nxd5 {(00:07)} 14. Nxd5 {(00:39)} Nxe2+ {
(00:53)} 15. Kh1 {(00:09)} Qb7 {(05:24)} 16. Qxe2 {
(00:28)} Be6 {(03:33)} 17. Rd1 {(01:42)} f5 {(05:
05)} 18. Be3 {(01:40)} Rac8 {(11:31)} 19. c3 {(03:32)} Rc4
{(09:35)} 20. b3 {(04:14)} Rc6 {(11:38)} 21. c4 {(
06:57)} Rfc8 {(08:37)} 22. Rab1 {(09:52)} f4 {(06:25)} 23.
Bg1 {(02:10)} Bf8 {(02:19)} 24. a4 {(04:43)} bxc4 {
(02:48)} 25. bxc4 {(00:10)} Qf7 {(00:20)} 26. a5 {(
02:17)} Rxc4 {(08:16)} 27. Rb6 {(01:15)} Rc2 {(05:02)} 28.
Rd2 {(06:58)} Rc1 {(00:43)} 29. Rxa6 {(02:20)} R8c5 {
(01:20)} 30. Rd1 {(05:00)} Bxd5 {(01:08)} 31. exd5 {
(00:16)} Rxd1 {(01:15)} 32. Qxd1 {(00:07)} Qxd5 {(
01:32)} 33. Qxd5+ {(01:10)} Rxd5 {(00:01)} 34. Ra8 {(00:
46)} Rd1 {(03:01)} 35. a6 {(00:24)} e4 {(00:54)} 36. fxe4
{(00:06)} d5 {(00:49)} 37. a7 {(00:45)} Ra1 {(00:
44)} 38. Re8 {(01:07)} 1-0

[Event "42nd Olympiad Baku 2016 Open"]
[Site "Baku"]
[Date "2016.09.06"]
[Round "5.10"]
[White "Ramos, Efren Andres"]
[Black "Kavinda, Akila"]
[Result "1/2-1/2"]
[ECO "A41"]
[WhiteElo "2199"]
[BlackElo "2020"]
[Annotator ""]
[PlyCount "86"]
[EventDate "2016.??.??"]
[EventType "team-tourn"]
[EventCountry "AZE"]
[SourceTitle "playchess.com"]
[Source "ChessBase"]
[WhiteTeam "Panama"]
[BlackTeam "Sri Lanka"]
[WhiteTeamCountry "PAN"]
[BlackTeamCountry "SRI"]
[TimeControl "40/5400+30:1800+30"]

1. d4 {(00:13)} d6 {(00:00)} 2. Nf3 {(00:15)} g6 {(
00:00)} 3. c4 {(00:40)} Bg7 {(00:10)} 4. Nc3 {(00:16)} Nd7
{(05:08)} 5. g3 {(03:38)} e5 {(00:18)} 6. Bg2 {(00:
17)} Ne7 {(00:16)} 7. O-O {(00:17)} O-O {(00:37)} 8. e3 {
(09:08)} a5 {(10:33)} 9. b3 {(00:23)} Nb6 {(22:55)}
10. a4 {(07:56)} Nc6 {(06:50)} 11. h3 {(05:42)} f5 {
(07:05)} 12. dxe5 {(06:07)} dxe5 {(03:49)} 13. Ba3 {
(06:20)} Re8 {(18:22)} 14. Qc1 {(28:24)} e4 {(01:
28)} 15. Rd1 {(02:22)} Qf6 {(01:24)} 16. Nd4 Nxd4 {(03:41]
} 17. Rxd4 {(02:41)} c6 {(00:55)} 18. Qc2 {(03:11)} Be6 {
(01:34)} 19. Rad1 {(00:55)} Red8 {(05:26)} 20. Ne2 {
(04:40)} Rxd4 {(02:34)} 21. Rxd4 {(00:32)} Nd7 {(
01:01)} 22. Nf4 {(02:09)} Ne5 {(04:03)} 23. Rd6 {(01:54)}
Re8 {(00:02)} 24. Bb2 {(02:41)} Qf7 {(03:00)} 25. Qd2 {
(02:54)} Bc8 {(00:36)} 26. Rd8 {(02:02)} g5 {(00:
38)} 27. Ne2 {(01:03)} Bf6 {(00:31)} 28. Rxe8+ {(02:27)}
Qxe8 {(00:04)} 29. Qxa5 {(01:18)} Nxc4 {(00:56)} 30. bxc4
{(00:40)} Bxb2 {(00:05)} 31. Nd4 {(01:36)} Qd7 {(
00:41)} 32. Qe5 {(00:22)} b6 {(00:41)} 33. c5 {(02:10)}
bxc5 {(00:34)} 34. Qxc5 {(00:07)} Qd5 {(00:32)} 35. Qxc6 {
(00:27)} Qxc6 {(00:04)} 36. Nxc6 {(00:07)} Bd7 {(
00:07)} 37. Nd4 {(00:59)} Bxd4 {(00:15)} 38. exd4 {(00:05]
} Bxa4 {(00:05)} 39. g4 {(00:34)} Bd7 {(01:42)} 40. gxf5 {
(00:00)} Bxf5 {(00:00)} 41. Kf1 {(00:38)} Kf7 {(00:
09)} 42. Ke2 {(00:07)} Ke6 {(00:11)} 43. Ke3 {(00:18)} Kd5
{(00:05)} 1/2-1/2

[Event "42nd Olympiad Baku 2016 Open"]
[Site "Baku"]
[Date "2016.09.06"]
[Round "5.19"]
[White "Rasmussen, Allan Stig"]
[Black "Brunello, Sabino"]
[Result "1-0"]
[ECO "C92"]
[WhiteElo "2522"]
[BlackElo "2568"]
[Annotator ""]
[PlyCount "73"]
[EventDate "2016.??.??"]
[EventType "team-tourn"]
[EventCountry "AZE"]
[SourceTitle "playchess.com"]
[Source "ChessBase"]
[WhiteTeam "Denmark"]
[BlackTeam "Italy"]
[WhiteTeamCountry "DEN"]
[BlackTeamCountry "ITA"]
[TimeControl "40/5400+30:1800+30"]

1. e4 {(00:00)} e5 {(00:00)} 2. Nf3 {(00:00)} Nc6 {
(00:00)} 3. Bb5 {(00:00)} a6 {(00:00)} 4. Ba4 {(00:
00)} Nf6 {(00:00)} 5. O-O {(00:04)} Be7 {(00:00)} 6. Re1 {
(00:16)} b5 {(00:01)} 7. Bb3 {(00:04)} d6 {(00:38)}
8. c3 {(00:15)} O-O {(00:04)} 9. h3 {(00:10)} Bb7 {
(00:53)} 10. d4 {(00:14)} Nd7 {(00:11)} 11. Bc2 {(
00:40)} Nb6 {(11:54)} 12. d5 {(06:03)} Nb8 {(09:17)} 13.
a4 {(07:13)} bxa4 {(01:22)} 14. Bxa4 {(08:35)} Nxa4 {
(05:13)} 15. Rxa4 {(00:58)} Nd7 {(00:32)} 16. Be3 {
(05:01)} Nb6 {(03:14)} 17. Ra5 {(08:32)} f5 {(17:
22)} 18. exf5 {(01:32)} Rxf5 {(00:09)} 19. Nfd2 {(01:09)}
Bg5 {(07:18)} 20. c4 {(05:03)} Bxe3 {(03:06)} 21. Rxe3 {
(00:33)} Qh4 {(05:21)} 22. Qe2 {(02:15)} Qd4 {(04:
42)} 23. b3 {(04:27)} Nd7 {(04:40)} 24. Ne4 {(02:17)} Raf8
{(00:51)} 25. Ra2 {(05:11)} Nf6 {(03:38)} 26. Nbd2 {
(04:14)} Nh5 {(01:38)} 27. g3 {(04:50)} Nf6 {(00:
33)} 28. b4 {(02:49)} Bc8 {(05:51)} 29. Kg2 {(02:49)} Nxd5
{(05:27)} 30. cxd5 {(06:20)} Qxd5 {(00:13)} 31. Rc2 {
(06:30)} Qf7 {(02:22)} 32. Rec3 {(02:44)} d5 {(03:
12)} 33. Rxc7 {(01:11)} Bd7 {(00:35)} 34. Kg1 {(02:22)}
dxe4 {(03:01)} 35. Nxe4 {(00:28)} Qd5 {(00:08)} 36. Rd2 {
(00:51)} Bb5 {(00:03)} 37. Qg4 {(01:12)} 1-0

[Event "42nd Olympiad Baku 2016 Open"]
[Site "Baku"]
[Date "2016.09.06"]
[Round "5.25"]
[White "Rehan, Deng Cypriano"]
[Black "Arias, Lemnys A"]
[Result "0-1"]
[ECO "B92"]
[WhiteElo "1899"]
[BlackElo "2305"]
[Annotator ""]
[PlyCount "160"]
[EventDate "2016.??.??"]
[EventType "team-tourn"]
[EventCountry "AZE"]
[SourceTitle "playchess.com"]
[Source "ChessBase"]
[WhiteTeam "SSD"]
[BlackTeam "ESA"]
[BlackTeamCountry "ESA"]
[TimeControl "40/5400+30:1800+30"]

1. e4 {(00:00)} c5 {(00:00)} 2. Nf3 {(00:00)} d6 {(
00:00)} 3. d4 {(00:00)} cxd4 {(00:00)} 4. Nxd4 {(00:17)}
Nf6 {(00:00)} 5. Nc3 {(00:16)} a6 {(00:00)} 6. Be2 {
(00:18)} g6 {(00:50)} 7. Be3 {(00:29)} Nc6 {(03:20]
} 8. Nd5 {(02:27)} Nd7 {(06:57)} 9. Bb5 {(26:51)} axb5 {
(10:35)} 10. Nxb5 {(00:41)} Bg7 {(00:19)} 11. Nbc7+ {
(06:08)} Kf8 {(00:05)} 12. Nxa8 {(00:57)} Qa5+ {(
00:06)} 13. c3 {(00:18)} Qxa8 {(00:03)} 14. O-O {(00:38)}
Qb8 {(02:35)} 15. f3 {(00:46)} e6 {(07:56)} 16. Nf4 {
(03:00)} Ke7 {(02:08)} 17. Re1 {(01:20)} Rd8 {(02:
35)} 18. Qe2 {(03:44)} Qc7 {(00:38)} 19. Rad1 {(00:37)}
Nce5 {(01:43)} 20. Bd4 {(01:48)} b6 {(01:27)} 21. Qf2 {
(02:39)} h5 {(10:51)} 22. b3 {(10:31)} b5 {(07:05)}
23. h3 {(03:14)} Bb7 {(06:33)} 24. Kh1 {(06:49)} Kf8 {
(01:18)} 25. Qg3 {(01:22)} Bf6 {(05:09)} 26. h4 {(
05:35)} Rc8 {(03:09)} 27. Kh2 {(02:22)} Qd8 {(02:50)} 28.
Kh3 {(00:19)} Qe7 {(00:41)} 29. Re2 {(01:43)} Rc6 {
(01:54)} 30. Qf2 {(01:40)} Kg8 {(00:44)} 31. g4 {(
00:53)} hxg4+ {(00:46)} 32. fxg4 {(00:17)} Bg7 {(00:01)}
33. g5 {(01:57)} Rc8 {(00:01)} 34. Rg1 {(01:03)} Nc5 {
(00:15)} 35. Qg2 {(02:27)} Ned7 {(00:40)} 36. Bxg7 {
(02:25)} Kxg7 {(00:02)} 37. h5 {(00:15)} e5 {(00:
01)} 38. h6+ {(00:40)} Kh7 {(00:01)} 39. Nd5 {(00:52)}
Bxd5 {(00:02)} 40. exd5 {(00:00)} Rf8 {(00:00)} 41. Rf1 {
(06:19)} f6 {(06:19)} 42. gxf6 {(01:12)} Rxf6 {(00:
28)} 43. Ref2 {(06:40)} Nd3 {(00:48)} 44. Rxf6 {(02:45)}
Nxf6 {(00:02)} 45. Qg5 {(07:51)} Nf4+ {(00:21)} 46. Kh2 {
(00:27)} N4xd5 {(00:26)} 47. c4 {(03:40)} bxc4 {(
00:22)} 48. bxc4 {(00:18)} Nf4 {(00:09)} 49. a4 {(01:24)}
Qe6 {(01:02)} 50. Rxf4 {(07:26)} exf4 {(00:09)} 51. Qxf4 {
(00:11)} Ng4+ {(00:38)} 52. Kg2 {(03:42)} Ne3+ {(
00:23)} 53. Kg1 {(01:50)} Nxc4 {(02:19)} 54. Qf8 {(00:50)}
Qg4+ {(00:45)} 55. Kh2 {(01:25)} Qh4+ {(00:13)} 56. Kg2 {
(01:05)} Ne3+ {(00:22)} 57. Kf3 {(00:37)} Nf5 {(00:
08)} 58. Qf7+ {(01:50)} Kxh6 {(00:03)} 59. Qf8+ {(00:28)}
Kh7 {(00:11)} 60. Qf7+ {(00:23)} Ng7 {(00:02)} 61. Qa7 {
(00:28)} d5 {(00:37)} 62. a5 {(00:17)} Qe4+ {(00:
02)} 63. Kf2 {(00:26)} d4 {(00:01)} 64. a6 {(00:40)} d3 {
(00:08)} 65. Qe3 {(00:36)} Qf5+ {(00:55)} 66. Kg1 {
(00:30)} Qd5 {(00:52)} 67. a7 {(00:37)} d2 {(00:30]
} 68. Qxd2 {(00:13)} Qxd2 {(00:10)} 69. a8=Q {(00:09)}
Qe1+ {(00:10)} 70. Kg2 {(00:28)} Nf5 {(00:11)} 71. Qb8 {
(01:29)} Qe2+ {(00:28)} 72. Kg1 {(00:20)} Ne3 {(00:
40)} 73. Qc7+ {(00:34)} Kh6 {(00:13)} 74. Qf4+ {(00:28)}
Kh5 {(00:31)} 75. Qe5+ {(00:35)} g5 {(01:00)} 76. Qe8+ {
(00:40)} Kh4 {(00:34)} 77. Qh8+ {(00:59)} Qh5 {(00:
14)} 78. Qa8 {(00:44)} Qd1+ {(00:18)} 79. Kh2 {(00:40)}
Ng4+ {(00:11)} 80. Kg2 {(00:25)} Qe2+ {(00:04)} 0-1

[Event "42nd Olympiad Baku 2016 Open"]
[Site "Baku"]
[Date "2016.09.06"]
[Round "5.12"]
[White "Robson, Ray"]
[Black "Indjic, Aleksandar"]
[Result "1/2-1/2"]
[ECO "B04"]
[WhiteElo "2674"]
[BlackElo "2548"]
[Annotator ""]
[PlyCount "98"]
[EventDate "2016.??.??"]
[EventType "team-tourn"]
[EventCountry "AZE"]
[SourceTitle "playchess.com"]
[Source "ChessBase"]
[WhiteTeam "United States"]
[BlackTeam "Serbia"]
[WhiteTeamCountry "USA"]
[BlackTeamCountry "SRB"]
[TimeControl "40/5400+30:1800+30"]

1. e4 {(00:00)} Nf6 {(01:13)} 2. e5 {(00:00)} Nd5 {
(00:12)} 3. d4 {(00:18)} d6 {(00:48)} 4. Nf3 {(00:
40)} g6 {(01:30)} 5. Bc4 {(03:09)} c6 {(00:51)} 6. O-O {
(06:18)} Bg7 {(00:07)} 7. exd6 {(06:56)} Qxd6 {(00:
15)} 8. Nbd2 {(01:01)} O-O {(00:13)} 9. Re1 {(00:48)} Bg4
{(01:13)} 10. Bb3 {(13:57)} Bxf3 {(24:29)} 11. Nxf3 {
(00:43)} e6 {(00:11)} 12. c4 {(05:41)} Ne7 {(00:34]
} 13. g3 {(08:31)} Nf5 {(13:13)} 14. Bf4 {(05:17)} Qd8 {
(00:26)} 15. Bg5 {(16:00)} Bf6 {(04:11)} 16. Bxf6 {
(00:25)} Qxf6 {(00:13)} 17. Bc2 {(04:02)} Nd7 {(10:
59)} 18. Qe2 {(00:58)} Rad8 {(05:45)} 19. Rad1 {(00:59)}
Nb6 {(02:43)} 20. Bxf5 {(02:56)} exf5 {(00:39)} 21. b3 {
(00:51)} Kg7 {(00:20)} 22. Qd2 {(03:42)} Rfe8 {(01:
24)} 23. Qb4 {(00:27)} Re4 {(02:20)} 24. a4 {(01:36)} Rd7
{(01:11)} 25. Rxe4 {(05:31)} fxe4 {(00:35)} 26. Ne5 {
(00:11)} Re7 {(00:26)} 27. Re1 {(00:41)} Nc8 {(12:
20)} 28. Rxe4 {(00:16)} Qf5 {(00:06)} 29. Re1 {(07:08)} a5
{(07:15)} 30. Qd2 {(01:13)} f6 {(00:16)} 31. Nd3 {(
00:26)} Rxe1+ {(00:32)} 32. Nxe1 {(00:03)} Nd6 {(00:08)}
33. Nd3 {(01:15)} Qf3 {(02:32)} 34. Qe3 {(02:34)} Qd1+ {
(00:26)} 35. Kg2 {(00:04)} Nf5 {(00:07)} 36. Qe4 {(
00:08)} Qxb3 {(00:19)} 37. d5 {(01:29)} Qxa4 {(01:07)} 38.
d6 {(01:14)} Nxd6 {(02:47)} 39. Qe7+ {(00:01)} Nf7 {
(04:04)} 40. Nc5 {(00:00)} Qxc4 {(00:00)} 41. Ne6+ {
(01:16)} Kh6 {(00:17)} 42. h3 {(24:32)} Qe4+ {(01:
40)} 43. Kh2 {(00:09)} Qf3 {(00:38)} 44. Qf8+ {(01:44)}
Kh5 {(00:09)} 45. Ng7+ {(00:40)} Kh6 {(01:13)} 46. Ne6+ {
(00:45)} Kh5 {(00:01)} 47. Nf4+ {(00:24)} Kg5 {(00:
20)} 48. Ne6+ {(03:39)} Kh5 {(00:13)} 49. Nf4+ {(00:55)}
Kg5 {(00:09)} 1/2-1/2

[Event "42nd Olympiad Baku 2016 Open"]
[Site "Baku"]
[Date "2016.09.06"]
[Round "5.33"]
[White "Rodshtein, Maxim"]
[Black "Greet, Andrew N"]
[Result "1/2-1/2"]
[ECO "D12"]
[WhiteElo "2687"]
[BlackElo "2455"]
[Annotator ""]
[PlyCount "81"]
[EventDate "2016.??.??"]
[EventType "team-tourn"]
[EventCountry "AZE"]
[SourceTitle "playchess.com"]
[Source "ChessBase"]
[WhiteTeam "Israel"]
[BlackTeam "Scotland"]
[WhiteTeamCountry "ISR"]
[BlackTeamCountry "SCO"]
[TimeControl "40/5400+30:1800+30"]

1. d4 {(00:00)} d5 {(00:00)} 2. c4 {(00:00)} c6 {(
00:00)} 3. Nf3 {(00:03)} Nf6 {(00:00)} 4. e3 {(00:22)} Bf5
{(00:23)} 5. Nc3 {(00:14)} a6 {(00:23)} 6. Bd2 {(
00:52)} h6 {(07:52)} 7. Qb3 {(03:50)} Ra7 {(00:29)} 8.
cxd5 {(02:47)} cxd5 {(00:29)} 9. Ne5 {(00:48)} e6 {
(08:28)} 10. Rc1 {(00:43)} Nbd7 {(04:24)} 11. Bb5 {
(03:45)} Bd6 {(08:29)} 12. Bxd7+ {(11:08)} Nxd7 {(
00:08)} 13. Nxd7 {(00:04)} Kxd7 {(01:19)} 14. Na4 {(18:41]
} b5 {(00:40)} 15. Nc5+ {(01:20)} Ke7 {(00:31)} 16. f3 {
(07:08)} Qa8 {(06:15)} 17. Ba5 {(10:26)} Rc8 {(05:
39)} 18. O-O {(00:58)} Bxc5 {(12:43)} 19. Rxc5 {(03:11)}
Rxc5 {(07:05)} 20. Qb4 {(01:01)} Kf8 {(01:16)} 21. Qxc5+ {
(02:52)} Kg8 {(00:23)} 22. Rc1 {(00:17)} Kh7 {(04:
39)} 23. Qd6 {(06:15)} Qe8 {(02:34)} 24. Bc7 {(04:34)} Ra8
{(03:38)} 25. Qb6 {(02:58)} a5 {(09:09)} 26. Qb7 {(
00:43)} a4 {(04:06)} 27. Be5 {(02:20)} Kg8 {(00:38)} 28.
e4 {(06:06)} dxe4 {(02:12)} 29. fxe4 {(00:03)} Bg6 {
(00:09)} 30. Bd6 {(05:10)} Rd8 {(02:57)} 31. e5 {(
00:05)} Bd3 {(01:13)} 32. Rc3 {(02:01)} Bc4 {(01:20)} 33.
a3 {(03:53)} Qd7 {(01:23)} 34. Qe4 {(01:13)} f5 {(
00:20)} 35. Qh4 {(00:04)} Re8 {(02:01)} 36. Rg3 {(00:27)}
Kh7 {(02:32)} 37. Qh5 {(00:16)} Rg8 {(00:49)} 38. Qg6+ {
(00:33)} Kh8 {(00:05)} 39. Rh3 {(01:01)} Bd5 {(00:
45)} 40. Bb4 {(00:00)} Be4 {(00:00)} 41. Bd6 {(10:35)}
1/2-1/2

[Event "42nd Olympiad Baku 2016 Open"]
[Site "Baku"]
[Date "2016.09.06"]
[Round "5.18"]
[White "Rombaldoni, Axel"]
[Black "Glud, Jakob Vang"]
[Result "1-0"]
[ECO "D30"]
[WhiteElo "2567"]
[BlackElo "2526"]
[Annotator ""]
[PlyCount "33"]
[EventDate "2016.??.??"]
[EventType "team-tourn"]
[EventCountry "AZE"]
[SourceTitle "playchess.com"]
[Source "ChessBase"]
[WhiteTeam "Italy"]
[BlackTeam "Denmark"]
[WhiteTeamCountry "ITA"]
[BlackTeamCountry "DEN"]
[TimeControl "40/5400+30:1800+30"]

1. d4 {(00:00)} d5 {(00:00)} 2. c4 {(00:02)} e6 {(
00:00)} 3. Nf3 {(00:18)} Nf6 {(00:00)} 4. g3 {(00:49)}
Bb4+ {(00:02)} 5. Bd2 {(00:11)} Be7 {(00:06)} 6. Bg2 {
(00:27)} O-O {(00:06)} 7. O-O {(00:05)} c6 {(00:07]
} 8. Bf4 {(01:06)} Nbd7 {(00:45)} 9. Nc3 {(01:09)} dxc4 {
(00:06)} 10. e4 {(00:19)} b5 {(00:26)} 11. d5 {(00:
30)} Qb6 {(00:06)} 12. dxc6 {(05:26)} Qxc6 {(00:30)} 13.
Nd4 {(10:15)} Qb6 {(17:32)} 14. e5 {(02:06)} Nd5 {(
00:08)} 15. Bxd5 {(02:24)} exd5 {(01:40)} 16. Nxd5 {(00:
07)} Qc5 {(01:41)} 17. Nf5 {(00:20)} 1-0

[Event "42nd Olympiad Baku 2016 Open"]
[Site "Baku"]
[Date "2016.09.06"]
[Round "5.22"]
[White "Roselli Mailhe, Bernardo"]
[Black "Davy, Damion"]
[Result "1-0"]
[ECO "E16"]
[WhiteElo "2434"]
[BlackElo "2117"]
[Annotator ""]
[PlyCount "115"]
[EventDate "2016.??.??"]
[EventType "team-tourn"]
[EventCountry "AZE"]
[SourceTitle "playchess.com"]
[Source "ChessBase"]
[WhiteTeam "Uruguay"]
[BlackTeam "Jamaica"]
[WhiteTeamCountry "URU"]
[BlackTeamCountry "JAM"]
[TimeControl "40/5400+30:1800+30"]

1. d4 {(00:00)} Nf6 {(00:00)} 2. c4 {(00:00)} e6 {(
00:00)} 3. Nf3 {(00:00)} Bb4+ {(00:00)} 4. Bd2 {(00:00)}
Qe7 {(00:00)} 5. g3 {(00:00)} Nc6 {(00:02)} 6. Bg2 {
(00:07)} Bxd2+ {(00:09)} 7. Nbxd2 {(00:05)} d6 {(
00:06)} 8. O-O {(00:25)} a5 {(00:05)} 9. e4 {(00:15)} e5 {
(00:01)} 10. d5 {(00:08)} Nb8 {(00:03)} 11. Ne1 {(
01:56)} O-O {(00:27)} 12. Nd3 {(00:50)} Bg4 {(00:14)} 13.
f3 {(00:35)} Bd7 {(00:03)} 14. c5 {(19:30)} Bb5 {(
00:04)} 15. Qb3 {(00:21)} Bxd3 {(00:53)} 16. Qxd3 {(07:20]
} Na6 {(08:28)} 17. cxd6 {(04:15)} cxd6 {(00:21)} 18. Bh3
{(04:31)} Nc5 {(03:00)} 19. Qb5 {(01:25)} Ne8 {(00:
51)} 20. Nb3 {(09:15)} Nc7 {(04:05)} 21. Qe2 {(05:10)}
Nxb3 {(12:55)} 22. axb3 {(00:07)} Qe8 {(00:19)} 23. Qe3 {
(05:06)} Qb8 {(07:56)} 24. Rf2 {(10:26)} Nb5 {(05:
44)} 25. Qb6 {(00:41)} Nd4 {(00:27)} 26. Rxa5 {(01:03)}
Rxa5 {(00:10)} 27. Qxa5 {(00:05)} Nxb3 {(00:09)} 28. Qb6 {
(00:44)} Nd4 {(02:41)} 29. f4 {(06:04)} f6 {(00:53]
} 30. Be6+ {(04:59)} Kh8 {(04:40)} 31. Kg2 {(01:46)} h6 {
(09:25)} 32. h4 {(03:07)} Re8 {(05:50)} 33. f5 {(
02:46)} Re7 {(04:27)} 34. Kh3 {(11:14)} g5 {(03:47)} 35.
fxg6 {(01:11)} Nxe6 {(00:25)} 36. dxe6 {(00:09)} Qc8 {
(02:22)} 37. Qxd6 {(01:27)} Rxe6 {(00:37)} 38. Rc2 {
(00:04)} Rxd6+ {(09:04)} 39. Rxc8+ {(00:04)} Kg7 {(
00:37)} 40. h5 {(00:00)} Rd4 {(00:00)} 41. Rc7+ {(01:36)}
Kg8 {(06:27)} 42. Rxb7 {(09:48)} Rxe4 {(00:05)} 43. Rh7 {
(00:05)} f5 {(01:44)} 44. Rxh6 {(00:41)} f4 {(05:
05)} 45. gxf4 {(01:45)} Re3+ {(01:24)} 46. Kg4 {(01:18)}
exf4 {(00:10)} 47. Kxf4 {(00:15)} Rb3 {(00:06)} 48. Rh7 {
(00:22)} Rb4+ {(00:04)} 49. Kg5 {(00:07)} Rb5+ {(
00:33)} 50. Kh6 {(00:08)} Rxb2 {(01:03)} 51. Rd7 {(01:15)}
Rb8 {(00:19)} 52. Rd5 {(00:27)} Kf8 {(02:09)} 53. Kh7 {
(02:28)} Rb7+ {(10:34)} 54. Kh8 {(00:13)} Rb8 {(03:
07)} 55. Rf5+ {(00:17)} Ke7+ {(00:45)} 56. Kg7 {(00:10)}
Ke6 {(00:24)} 57. Rf6+ {(00:05)} Ke5 {(00:12)} 58. Rf7 {
(00:07)} 1-0

[Event "42nd Olympiad Baku 2016 Open"]
[Site "Baku"]
[Date "2016.09.06"]
[Round "5.24"]
[White "Rusev, Krasimir"]
[Black "Barrientos, Sergio E"]
[Result "1/2-1/2"]
[ECO "E48"]
[WhiteElo "2548"]
[BlackElo "2465"]
[Annotator ""]
[PlyCount "97"]
[EventDate "2016.??.??"]
[EventType "team-tourn"]
[EventCountry "AZE"]
[SourceTitle "playchess.com"]
[Source "ChessBase"]
[WhiteTeam "Bulgaria"]
[BlackTeam "Colombia"]
[WhiteTeamCountry "BUL"]
[BlackTeamCountry "COL"]
[TimeControl "40/5400+30:1800+30"]

1. d4 {(00:00)} Nf6 {(00:00)} 2. c4 {(00:00)} e6 {(
00:00)} 3. Nc3 {(00:08)} Bb4 {(00:12)} 4. e3 {(00:06)} O-O
{(00:07)} 5. Bd3 {(00:16)} d5 {(00:07)} 6. a3 {(00:
55)} Bd6 {(08:20)} 7. Nf3 {(00:05)} dxc4 {(01:00)} 8. Bxc4
{(00:11)} Nc6 {(00:06)} 9. O-O {(27:39)} a6 {(05:
30)} 10. h3 {(01:06)} e5 {(01:56)} 11. Qc2 {(00:31)} Qe8 {
(18:38)} 12. Ba2 {(05:04)} Bd7 {(07:13)} 13. Bd2 {(
37:27)} exd4 {(03:24)} 14. exd4 {(00:09)} Qc8 {(00:04)}
15. Ne4 {(02:43)} Nxe4 {(01:41)} 16. Qxe4 {(00:08)} Bf5 {
(00:11)} 17. Qh4 {(00:33)} Bg6 {(06:02)} 18. Rfe1 {
(00:25)} Qf5 {(02:00)} 19. d5 {(05:49)} Ne5 {(01:
19)} 20. Nxe5 {(00:31)} Bxe5 {(00:21)} 21. Bb1 {(00:50)}
Bf6 {(02:45)} 22. Qc4 {(06:45)} Qd7 {(00:54)} 23. Bxg6 {
(00:02)} hxg6 {(00:12)} 24. Bf4 {(00:24)} Rac8 {(
01:38)} 25. Qb3 {(04:11)} Qb5 {(10:01)} 26. Qxb5 {(02:52)}
axb5 {(00:08)} 27. Rac1 {(00:33)} Rfd8 {(03:29)} 28. Rc5 {
(02:14)} c6 {(02:53)} 29. dxc6 {(00:02)} bxc6 {(00:
16)} 30. Re2 {(01:35)} Bd4 {(06:01)} 31. Rcc2 {(00:01)} c5
{(00:54)} 32. Be3 {(00:02)} Be5 {(02:54)} 33. g3 {(
00:19)} c4 {(00:31)} 34. Bd2 {(00:48)} f6 {(07:16)} 35.
Bc3 {(00:12)} Bxc3 {(01:20)} 36. Rxc3 {(00:01)} Rd1+ {
(00:05)} 37. Kg2 {(00:07)} Rb1 {(00:14)} 38. Rcc2 {
(00:19)} Kf7 {(02:22)} 39. Rcd2 {(00:22)} Rc7 {(01:
16)} 40. Rd5 {(00:00)} Rb7 {(00:00)} 41. h4 {(02:25)} c3 {
(11:53)} 42. bxc3 {(02:38)} Rb3 {(00:06)} 43. Rc5 {
(00:26)} Rxa3 {(00:16)} 44. Rb2 {(00:12)} Ke7 {(06:
13)} 45. Rb4 {(03:28)} Kd6 {(04:40)} 46. Rc8 {(00:12)} Rc7
{(03:27)} 47. Rxc7 {(07:00)} Kxc7 {(00:04)} 48. Rg4 {
(00:27)} g5 {(02:38)} 49. Rb4 {(10:15)} 1/2-1/2